 Dungeon Crawl Stone Soup version 0.30-a0-634-g8abc85282e (webtiles) character file.

Game seed: 481823708171159138

655 Fenrisus the Magician (level 7, -2/47 HPs)
             Began as a Mummy Necromancer on Jan 14, 2023.
             Slain by a necrophage (4 damage)
             ... on level 4 of the Dungeon.
             The game lasted 00:31:50 (4228 turns).

Fenrisus the Magician (Mummy Necromancer)           Turns: 4228, Time: 00:31:51

Health: -2/47      AC:  4    Str: 12    XL:     7   Next: 29%
Magic:  17/17      EV: 12    Int: 16    God:
Gold:   237        SH:  0    Dex: 12    Spells: 18/19 levels left

rFire   . . .      SeeInvis .    f - staff of fire
rCold   + . .      Faith    +    (no shield)
rNeg    + + +      Spirit   .    a - +0 robe
rPois   ∞          Reflect  .    (no helmet)
rElec   .          Harm     .    b - +0 cloak
rCorr   .          Rampage  .    (no gloves)
Will    .....                    d - +0 pair of boots
Stlth   ++                       (no amulet)
HPRegen 0.27/turn                (no ring)
MPRegen 0.15/turn                (no ring)

@: no status effects
A: cold resistance 1, negative energy resistance 3, torment resistance 2, heat
vulnerability 1, in touch with death 1, no potions, faith
a: no special abilities


You were on level 4 of the Dungeon.
You visited 1 branch of the dungeon, and saw 5 of its levels.

You collected 237 gold pieces.

Inventory:

Hand Weapons
 c - a +1 whip
Armour
 a - a +0 robe (worn)
 b - a +0 cloak (worn)
 d - a +0 pair of boots (worn)
Magical Staves
 f - a staff of fire (weapon)
Scrolls
 e - a scroll of silence {unknown}
 g - 2 scrolls of torment
 h - a scroll of acquirement {unknown}
 j - 2 scrolls of magic mapping {unknown}
 k - a scroll of enchant weapon
 l - a scroll of identify
Miscellaneous
 m - a piece from Xom's chessboard (12/15)


   Skills:
 + Level 0.4 Fighting
 - Level 0.1(0.2) Maces & Flails
 + Level 0.1 Staves
 + Level 2.1 Dodging
 + Level 2.0 Stealth
 + Level 6.7 Spellcasting
 + Level 6.7 Necromancy


You had 18 spell levels left.
You knew the following spells:

 Your Spells              Type           Power      Damage    Failure   Level
a - Necrotise             Necr           100%       1d9       1%          1

Your spell library contained the following spells:

 Spells                   Type           Power      Damage    Failure   Level
 Vampiric Draining        Necr           40%        2d8       2%          3
 Animate Dead             Necr           40%        N/A       8%          4
 Slow                     Hex            20%        N/A       13%         1
 Ensorcelled Hibernation  Hex/Ice        10%        N/A       19%         2
 Passwall                 Tmut/Erth      4%         N/A       19%         2
 Agony                    Necr           40%        N/A       22%         5
 Confusing Touch          Hex            5%         N/A       36%         3
 Swiftness                Air            5%         N/A       36%         3


Dungeon Overview and Level Annotations

Branches:
Dungeon (5/15)
 Temple: D:4-7

Altars:
Ashenzari
Qazlal
Ru
Xom

Shops:
D:4 [


Innate Abilities, Weirdness & Mutations

You are immune to poison.
Your flesh is cold resistant. (rC+)
You are immune to negative energy. (rN+++)
You are immune to unholy pain and torment.
You are vulnerable to heat. (rF-)
You are in touch with the powers of death.
You do not drink.
You have a special connection with the divine. (Faith)


Message History

You barely miss the necrophage.
The necrophage is heavily damaged.
The necrophage hits you!
* * * LOW HITPOINT WARNING * * *
You hit the necrophage but do no damage.
The necrophage is heavily damaged.
The necrophage hits you.
* * * LOW HITPOINT WARNING * * *
You hit the necrophage but do no damage.
The necrophage is heavily damaged.
The necrophage closely misses you. The necrophage hits you.
* * * LOW HITPOINT WARNING * * *
You closely miss the necrophage.
The necrophage is heavily damaged.
The necrophage hits you.
* * * LOW HITPOINT WARNING * * *
You barely miss the necrophage.
The necrophage is heavily damaged.
The necrophage barely misses you.
You hit the necrophage.
The necrophage is heavily damaged.
The necrophage hits you but does no damage.
You hit the necrophage.
The necrophage is heavily damaged.
The necrophage barely misses you.
You hit the necrophage but do no damage.
The necrophage is heavily damaged.
The necrophage hits you.
* * * LOW HITPOINT WARNING * * *
The necrophage completely misses you.
You hit the necrophage.
The necrophage is severely damaged.
The necrophage misses you.
You hit the necrophage.
The necrophage is almost destroyed.
The necrophage hits you but does no damage.
You hit the necrophage but do no damage.
The necrophage is almost destroyed.
The necrophage hits you.
You die...

...#.........#.# ####....+ .....
...#.........#.###.......#######.
####.##'#....#)#...............#.
..##......##..........[..........
..##.........#'#.#.###......##.#.
.....................'......##'#.
#.....)...........####...........
'...................<'...........
#..............#@..###...........
#...........#.>#n..#...[.........
#####.......#......#.#......##'#'
#####...#.###..#.#......##.#.
#...#.# ...#.###'#####.#. ####
#...#.##..##.##..#####.#. ...#
#####.#....#.##........#. ...#
#.######....#...#..#. #..#
#........#...#.#...#.


You could see a necrophage.

Vanquished Creatures
  2 black bears (D:4)
  An ogre (D:4)
  2 scorpions (D:4)
  A hound (D:4)
  3 iguanas
  Jessica (D:3)
  6 adders
  3 worms
  3 dart slugs
  3 orcs
  4 endoplasms
  4 giant cockroaches
  5 goblins
  6 hobgoblins
  A jackal (D:2)
  7 kobolds
  A quokka (D:4)
  6 ball pythons
  A bat (D:1)
  4 frilled lizards
  7 rats
  2 butterflies (D:4)
73 creatures vanquished.

Vanquished Creatures (collateral kills)
  An adder (D:2)
  A dart slug (D:1)
  A quokka (D:1)
  A kobold (D:3)
  A rat (D:3)
5 creatures vanquished.

Vanquished Creatures (others)
  A quokka (D:5)
  7 fungi (D:4)
8 creatures vanquished.

Grand Total: 86 creatures vanquished

Notes
Turn   | Place    | Note
-------+----------+-------------------------------------------
     0 | D:1      | Fenrisus the Mummy Necromancer began the quest for the Orb.
     0 | D:1      | Reached XP level 1. HP: 13/13 MP: 4/4
    86 | D:1      | Noticed a shining eye
    88 | D:1      | Found a faded altar of an unknown god.
    95 | D:1      | Noticed an eye of devastation
    95 | D:1      | Noticed an eye of devastation
    95 | D:1      | Noticed a floating eye
   219 | D:1      | Reached XP level 2. HP: 18/19 MP: 1/6
   908 | D:2      | Gained mutation: You are in touch with the powers of death.
                  | [Mummy growth]
   908 | D:2      | Reached XP level 3. HP: 24/24 MP: 5/7
  1334 | D:2      | Reached XP level 4. HP: 30/30 MP: 1/9
  1656 | D:3      | Noticed Jessica
  1698 | D:3      | Found a broken altar of Ashenzari.
  1924 | D:3      | Reached skill level 5 in Necromancy
  2040 | D:3      | Killed Jessica
  2136 | D:3      | Reached XP level 5. HP: 35/35 MP: 7/11
  2290 | D:4      | Found a sacrificial altar of Ru.
  2415 | D:4      | Reached skill level 5 in Spellcasting
  2627 | D:4      | Found Emeoh's Antique Armour Boutique.
  2801 | D:4      | Noticed a black bear
  2982 | D:4      | Noticed a black bear
  3213 | D:4      | Killed a black bear
  3214 | D:4      | Reached XP level 6. HP: 29/41 MP: 5/14
  3397 | D:4      | Found a shimmering altar of Xom.
  3434 | D:4      | Found a stormy altar of Qazlal.
  3929 | D:4      | Reached XP level 7. HP: 31/47 MP: 10/16
  3992 | D:5      | Entered Level 5 of the Dungeon
  4225 | D:4      | HP: 1/47 [necrophage (4)]
  4228 | D:4      | Slain by a necrophage

Illustrated notes

Levels and vault maps discovered:
D:1:      doesnt_arrival_eight_statues, layout_basic,
          hellmonk_ecumenical_altar_watching_god
D:2:      layout_loops_cross, st_stairs_6
D:3:      layout_loops_cross, ashenzari_altar_1, nicolae_gozag_seed_capital,
          grunt_decor_mini_mirrors, uniq_jessica
D:4:      layout_basic, mainiacjoe_overflow_cross_hatched,
          mainiacjoe_overflow_24_doors, xom_butterflies, serial_shops,
          nicolae_shop_advertising_works [nicolae_subvault_shop_adworks]
D:5:      layout_rooms, lemuel_doored_altar, elyvilon_altar_4

Skill      XL: |  1  2  3  4  5  6  7 |
---------------+----------------------+-----
Spellcasting   | 3 4 5 6 |  6.7
Necromancy     | 5 6 |  6.7
Dodging        | 2 |  2.1
Stealth        | 2 |  2.0
Fighting       | |  0.4
Maces & Flails | |  0.1
Staves         | |  0.1

Action                   |  1- 3 |  4- 6 |  7- 9 || total
-------------------------+-------+-------+-------++-------
Melee: Whip              |    21 |       |       ||    21
       Punch             |     1 |       |       ||     1
       Staff             |       |     7 |    25 ||    32
 Cast: Necrotise         |    71 |   114 |    18 ||   203
Evoke: Piece from Xom's  |       |     1 |     4 ||     5
  Use: Scroll            |     4 |     2 |     1 ||     7
Armor: Robe              |     7 |    11 |    13 ||    31
Dodge: Dodged            |    19 |    42 |    38 ||    99

Table legend: (Time is in decaauts)
 A = Elapsed time spent in this place.
 B = Non-inter-level travel time spent in this place.
 C = Inter-level travel time spent in this place.
 D = Time resting spent in this place.
 E = Time spent auto-exploring this place.
 F = Levels seen in this place.
 G = Mean time per level.
                   A        B        C        D        E       F      G
               +--------+--------+--------+--------+--------+-----+--------+
         Total |   4238 |   1624 |   2614 |    989 |      0 |   5 |  847.6 |
       Dungeon |   4238 |   1624 |   2614 |    989 |      0 |   5 |  847.6 |
               +--------+--------+--------+--------+--------+-----+--------+

Top non-repeatable levels by time:
     D:4: 1724 daAuts
     D:1: 857 daAuts
     D:2: 829 daAuts
     D:3: 803 daAuts
     D:5: 24 daAuts
